 Dungeon Crawl Stone Soup version 0.25.1-1-g288607f5aa (webtiles) character file.

Game seed: 6672974448793934765

728 protoss039 the Chopper (level 7, -2/61 HPs)
             Began as a Minotaur Fighter on July 25, 2020.
             Was a Follower of Okawaru.
             Slain by an ogre
             ... wielding a +0 giant club
              (20 damage)
             ... on level 6 of the Dungeon.
             The game lasted 00:07:12 (3691 turns).

protoss039 the Chopper (Minotaur Fighter)           Turns: 3691, Time: 00:07:13

Health: -2/61      AC: 17    Str: 22    XL:     7   Next: 44%
Magic:  6/8        EV:  8    Int:  5    God:    Okawaru [*.....]
Gold:   402        SH: 12    Dex: 10    Spells: 6/6 levels left

rFire    . . .     SeeInvis .   a - +0 war axe
rCold    . . .     Gourm    .   c - +0 kite shield
rNeg     . . .     Faith    .   l - +0 plate armour
rPois    .         Spirit   .   (helmet restricted)
rElec    .         Reflect  .   q - +0 cloak
rCorr    .         Harm     .   (no gloves)
MR       .....                  i - +0 pair of boots
Stlth    ..........             (no amulet)
HPRegen  0.20/turn              (no ring)
MPRegen  0.11/turn              (no ring)

@: heroism
A: retaliatory headbutt, horns 2
a: Heroism, Renounce Religion


You were on level 6 of the Dungeon.
You worshipped Okawaru.
Okawaru was aware of your devotion.
You were very hungry.

You visited 1 branch of the dungeon, and saw 4 of its levels.

You collected 402 gold pieces.

Inventory:

Hand Weapons
 a - a +0 war axe (weapon)
Armour
 c - a +0 kite shield (worn)
 i - a +0 pair of boots (worn)
 l - a +0 plate armour (worn)
 q - a +0 cloak (worn)
Jewellery
 o - a +4 ring of slaying {unknown}
Wands
 k - a wand of digging (1)
 w - a wand of polymorph (9)
Scrolls
 b - 4 scrolls of identify {unknown}
 g - 2 scrolls of remove curse {unknown}
 j - 2 scrolls of teleportation {unknown}
 n - a scroll of enchant weapon {unknown}
 p - a scroll of noise {unknown}
 u - 3 scrolls of enchant armour {unknown}
 v - a scroll of amnesia {unknown}
Potions
 d - a potion of might
 e - 3 potions of degeneration {unknown}
 h - 3 potions of curing
 m - a potion of mutation {unknown}
 r - a potion of ambrosia {unknown}
 s - 2 potions of heal wounds {unknown}
 t - a potion of lignification {unknown}
 x - a potion of flight {unknown}
Comestibles
 f - 7 rations


   Skills:
 + Level 5.3(10.3) Fighting
 + Level 6.3(11.3) Axes
 + Level 5.1(10.1) Armour
 + Level 5.6(10.6) Shields
 * Level 3.0 Invocations


You had 6 spell levels left.
You didn't know any spells.
Your spell library was empty.

Dungeon Overview and Level Annotations

Branches:
Dungeon (3/15)

Altars:
Elyvilon
Kikubaaqudgha
Okawaru
Qazlal
Sif Muna


Innate Abilities, Weirdness & Mutations

You reflexively headbutt those who attack you in melee.
You have a pair of horns on your head.


Message History

The ogre is heavily wounded.
You hit the scorpion but do no damage. The ogre barely misses you.
You block the scorpion's attack.
Unknown command.
Unknown command.
Unknown command.
Unknown command.
You slash the ogre! You headbutt the ogre.
The ogre is almost dead.
You hit the scorpion.
The ogre hits you with a +0 giant club!!
The scorpion stings you.
* * * LOW HITPOINT WARNING * * *
Unknown command.
Unknown command.
Unknown command.
You gain the combat prowess of a mighty hero.
The scorpion stings you but does no damage.
The ogre hits you with a +0 giant club!!
You die...

#....#. #######
####### #....#.
#.....# .......
#...#.# ##.##.#
....... #......
#.##.# .......
###.... #.##.#####
....... ###.#
#.##.#... .......
##'#
#.##.#.####O......
##..#
#.##......@s.#
###รท..#
#.##.........#
##...#.#
#.##.........#
#..#...#
#.##......<..#
##...#.#
#.##.......$.#
###...#
#.##.........#
##..#
#.##.#.#######
#### ##.##?#.#
#...# #.


You could see an ogre and a scorpion.

Vanquished Creatures
  Grinder (D:3)
  A water moccasin (D:6)
  2 centaurs (D:6)
  A crimson imp (D:6)
  2 iguanas (D:6)
  Natasha (thrice) (D:2)
  A howler monkey zombie (D:6)
  An adder (D:6)
  4 oozes
  A worm (D:2)
  2 dart slugs
  5 leopard geckos
  5 orcs
  A ball python (D:2)
  3 giant cockroaches
  7 goblins
  4 hobgoblins
  A quokka (D:3)
  5 bats
  5 frilled lizards
  9 kobolds
  9 rats
73 creatures vanquished.

Notes
Turn   | Place    | Note
-------+----------+-------------------------------------------
     0 | D:1      | protoss039 the Minotaur Fighter began the quest for the
                  | Orb.
     0 | D:1      | Reached XP level 1. HP: 19/19 MP: 0/0
   225 | D:1      | Reached XP level 2. HP: 27/27 MP: 1/1
   685 | D:1      | Reached XP level 3. HP: 33/33 MP: 2/2
   935 | D:2      | Found a shimmering blue altar of Sif Muna.
   936 | D:2      | Found a stormy altar of Qazlal.
   938 | D:2      | Reached skill level 3 in Axes
   941 | D:2      | Found an iron altar of Okawaru.
   971 | D:2      | Became a worshipper of Warmaster Okawaru
  1341 | D:2      | Noticed Natasha
  1350 | D:2      | Killed Natasha
  1350 | D:2      | Reached XP level 4. HP: 28/41 MP: 3/3
  1389 | D:2      | Noticed Natasha
  1401 | D:2      | Killed Natasha
  1851 | D:2      | Noticed Natasha
  1864 | D:2      | Killed Natasha
  1864 | D:2      | Reached skill level 4 in Axes
  1864 | D:2      | Reached skill level 1 in Invocations
  1864 | D:2      | Reached XP level 5. HP: 43/47 MP: 4/4
  1977 | D:3      | Noticed Grinder
  2010 | D:3      | Paralysed by Grinder for 6 turns
  2022 | D:3      | Killed Grinder
  2022 | D:3      | Reached skill level 5 in Axes
  2022 | D:3      | Reached XP level 6. HP: 14/55 MP: 4/6
  2485 | D:3      | You fall into a shaft and drop 3 floors!
  2497 | D:6      | Reached skill level 5 in Fighting
  2514 | D:6      | Noticed a water moccasin
  2543 | D:6      | Killed a water moccasin
  2543 | D:6      | Reached * piety under Okawaru
  2543 | D:6      | Reached skill level 5 in Shields
  2574 | D:6      | HP: 2/56 [poisoned by a water moccasin]
  2912 | D:6      | Reached XP level 7. HP: 55/61 MP: 7/7
  2995 | D:6      | Reached skill level 6 in Axes
  2995 | D:6      | Reached skill level 5 in Armour
  3425 | D:6      | Found an ancient bone altar of Kikubaaqudgha.
  3477 | D:6      | Found a white marble altar of Elyvilon.
  3691 | D:6      | Slain by an ogre

Illustrated notes

Levels and vault maps discovered:
D:1:      wander_arrival_fairy_ring, layout_loops_corners, minivault_25
D:2:      wad_lake_hut, layout_basic,
          chequers_temple_overflow_statue_of_worship, first_ration,
          minmay_cupped, uniq_natasha
D:3:      layout_loops_ring, mrwooster_statue_mirror, uniq_grinder
D:6:      minmay_polygon_palace, layout_basic, kiku_gazebo_garden_becter,
          lemuel_crystal_altar

Skill      XL: |  1  2  3  4  5  6  7 |
---------------+----------------------+-----
Armour         | 4 5 |  5.1
Shields        | 4 5 |  5.6
Fighting       | 4 5 |  5.3
Axes           | 3 4 5 6 |  6.3
Invocations    | 1 2 3 |  3.0

Action                   |  1- 3 |  4- 6 |  7- 9 || total
-------------------------+-------+-------+-------++-------
Melee: War axe           |   113 |   117 |    19 ||   249
       Headbutt          |    12 |    20 |     4 ||    36
Invok: Heroism           |       |       |     1 ||     1
  Use: Potion            |       |     1 |       ||     1
  Eat: Chunk             |     2 |     4 |     2 ||     8
Armor: Scale mail        |     4 |       |       ||     4
       Plate armour      |    63 |    76 |    13 ||   152
Dodge: Dodged            |    23 |    21 |     3 ||    47
Block: Kite shield       |    50 |    75 |    11 ||   136
